 Dungeon Crawl Stone Soup version 0.28-a0-1389-gc726bef33b (webtiles) character file.

Game seed: 14622623453654644685

3086 Cheeritup the Cleaver (level 9, -3/73 HPs)
             Began as a Palentonga Berserker on Jan 3, 2022.
             Was a Priest of Trog.
             Slain by a wyvern skeleton (8 damage)
             ... on level 7 of the Dungeon.
             The game lasted 00:24:43 (7681 turns).

Cheeritup the Cleaver (Palentonga Berserker)        Turns: 7681, Time: 00:24:44

Health: -3/73      AC: 14    Str: 23    XL:     9   Next: 59%
Magic:  9/9        EV:  9    Int:  8    God:    Trog [***...]
Gold:   276        SH:  0    Dex: 11    Spells: 8/8 levels left

rFire   . . .      SeeInvis +   b - +2 war axe (freeze)
rCold   . . .      Faith    .   (no shield)
rNeg    . . .      Spirit   .   k - +1 robe {Will+}
rPois   .          Reflect  .   (no helmet)
rElec   .          Harm     .   (no cloak)
rCorr   .          Rampage  .   e - +1 pair of gloves
Will    +....                   (no barding)
Stlth   +.........              (no amulet)
HPRegen 0.22/turn               (no ring)
MPRegen 0.11/turn               (no ring)

@: mighty, lethally poisoned (-3 -> -7), on berserk cooldown, slowed, curled up,
very slow
A: large, rugged brown scales 3, see invisible, deformed body, roll 1, armoured
tail, reflexive curl
a: Rolling Charge, Renounce Religion, Berserk, Trog's Hand


You were on level 7 of the Dungeon.
You worshipped Trog.
Trog was most pleased with you.
You visited 1 branch of the dungeon, and saw 7 of its levels.

You collected 276 gold pieces.

Inventory:

Hand Weapons
 b - a +2 war axe of freezing (weapon)
 q - a +0 morningstar
 u - a +2 halberd of holy wrath
Armour
 e - a +1 pair of gloves (worn)
 g - an orb of wrath
 k - a +1 robe of willpower (worn)
 t - a +0 tower shield
Scrolls
 d - 2 scrolls of teleportation
 f - a scroll of brand weapon {unknown}
 h - a scroll of holy word
 o - a scroll of identify
 p - 3 scrolls of silence
 r - a scroll of magic mapping
 x - a scroll of enchant weapon {unknown}
Potions
 a - a potion of haste
 c - 2 potions of cancellation
 i - 3 potions of curing {unknown}
 j - a potion of mutation {unknown}
 l - 3 potions of lignification
 m - a potion of heal wounds {unknown}
 s - a potion of brilliance {unknown}
 v - a potion of invisibility
 w - a potion of magic {unknown}


   Skills:
 * Level 6.2 Fighting
 - Level 9.6(10.0) Axes
 - Level 3.8(7.2) Maces & Flails
 + Level 5.6 Armour
 - Level 1.5 Dodging
 - Level 2.4 Shields


You had 8 spell levels left.
You didn't know any spells.
Your spell library was empty.

Dungeon Overview and Level Annotations

Branches:
Dungeon (7/15)             Temple (0/1) D:4

Altars:
Vehumet

Shops:
D:1 (

Annotations:
D:4 exclusion: oklob sapling
D:5 3 runed translucent doors, Deminshera's ghost, novice KoBr


Innate Abilities, Weirdness & Mutations

You are completely covered in rugged brown scales. (AC +3, +7% HP)
You have supernaturally acute eyesight. (SInv)
Armour fits poorly on your strangely shaped body.
You can roll at nearby foes to attack.
You have a long armoured tail.
You curl defensively after being hit. (AC +7*)


Message History

As you read the scroll of teleportation, it crumbles to dust.
You feel strangely unstable. The centaur hits you.
* * * LOW HITPOINT WARNING * * *
The centaur misses you.
The centaur hits you but does no damage.
The centaur barely misses you.
You slash the centaur! You freeze the centaur.
The centaur is moderately wounded.
The centaur hits you but does no damage.
The centaur kicks you but does no damage.
The centaur barely misses you.
The centaur kicks you but does no damage.
You slash the centaur! You freeze the centaur.
You kill the centaur!
Trog accepts your kill.
Your surroundings suddenly seem different.
Found 6 boomerangs and 11 gold pieces.
Training target 10.0 for Axes reached!
You need to enable at least one skill for training.
Found 2 scrolls of identify.
Found a stone staircase leading down.
You see here 6 boomerangs.
You feel very mighty all of a sudden. The scorpion closely misses you. x2
You slash the scorpion! You freeze the scorpion.
The scorpion is heavily wounded.
The scorpion closely misses you. The scorpion stings you.
* * * LOW HITPOINT WARNING * * *
You are poisoned.
The scorpion poisons you!
You slash the scorpion! You freeze the scorpion.
You kill the scorpion!
Trog accepts your kill.
* * * LOW HITPOINT WARNING * * *
You feel very sick. The wyvern skeleton barely misses you.
You slash the wyvern skeleton! You tail-slap the wyvern skeleton.
The wyvern skeleton is heavily damaged.
* * * LOW HITPOINT WARNING * * *
You feel sick. The wyvern skeleton bites you!
You die...

#.###########.#
#>.?@Z.........
#.#####(####...
#.## #..#
#.........#
#######
..........#
#.....##
$.........#
#.)...'.
...........
#.....##
...........#
#.....#


You could see a wyvern skeleton.

Vanquished Creatures
  A slime creature (D:7)
  A water moccasin (D:7)
  2 sky beasts (D:7)
  4 ogres
  2 centaurs
  4 phantoms
  A kobold brigand (D:6)
  3 scorpions
  4 killer bees (D:5)
  A howler monkey (D:5)
  2 bullfrog zombies (D:6)
  5 hounds
  An orc priest (D:3)
  A jelly (D:6)
  A gnoll shaman (D:6)
  4 iguanas
  3 orc wizards
  A howler monkey zombie (D:5)
  12 adders
  5 gnolls (D:6)
  A shadow imp (D:5)
  A white imp (D:6)
  2 ufetubi
  An adder skeleton (D:3)
  3 worms
  2 dart slugs
  23 orcs
  5 ball pythons
  A bat (D:1)
  7 endoplasms
  2 giant cockroaches
  4 goblins
  9 hobgoblins
  8 kobolds
  2 quokkas
  3 frilled lizards
  5 rats
137 creatures vanquished.

Vanquished Creatures (others)
  8 plants (D:4)
8 creatures vanquished.

Grand Total: 145 creatures vanquished

Notes
Turn   | Place    | Note
-------+----------+-------------------------------------------
     0 | D:1      | Cheeritup the Palentonga Berserker began the quest for the
                  | Orb.
     0 | D:1      | Reached XP level 1. HP: 19/19 MP: 1/1
    46 | D:1      | Found a faded altar of an unknown god.
    80 | D:1      | You fall into a shaft and drop 1 floor!
    91 | D:2      | Reached XP level 2. HP: 25/25 MP: 2/2
   364 | D:3      | Found a radiant altar of Vehumet.
   436 | D:3      | Reached skill level 4 in Axes
   451 | D:3      | Reached XP level 3. HP: 31/31 MP: 3/3
   982 | D:1      | Found Emaon's Weapon Emporium.
  1067 | D:2      | Reached skill level 1 in Maces & Flails
  1109 | D:2      | Reached XP level 4. HP: 37/37 MP: 4/4
  1177 | D:2      | Reached ** piety under Trog
  1946 | D:3      | Reached XP level 5. HP: 43/43 MP: 5/5
  2924 | D:4      | Noticed a phantom
  2958 | D:4      | Killed a phantom
  2959 | D:4      | Reached skill level 5 in Axes
  3075 | D:4      | Reached XP level 6. HP: 50/50 MP: 6/6
  3253 | D:4      | Found a staircase to the Ecumenical Temple.
  3424 | D:4      | Reached skill level 6 in Axes
  3766 | D:5      | Entered Level 5 of the Dungeon
  3925 | D:5      | Gained mutation: You curl defensively after being hit. (AC
                  | +7*) [Palentonga growth]
  3925 | D:5      | Reached XP level 7. HP: 55/55 MP: 7/7
  3973 | D:5      | Reached skill level 7 in Axes
  4090 | D:5      | Reached skill level 8 in Axes
  4209 | D:5      | Identified a scroll of acquirement
  4209 | D:5      | Acquired a +2 war axe of freezing
  4502 | D:5      | Found a runed translucent gate.
  4503 | D:5      | Found a runed translucent gate.
  4503 | D:5      | Found a runed translucent gate.
  4503 | D:5      | Noticed Deminshera's ghost (novice KoBr)
  4979 | D:6      | Reached XP level 8. HP: 47/64 MP: 8/8
  6244 | D:6      | Reached skill level 5 in Fighting
  6245 | D:6      | Reached *** piety under Trog
  7323 | D:7      | Reached skill level 5 in Armour
  7328 | D:7      | Reached XP level 9. HP: 73/73 MP: 9/9
  7653 | D:7      | Reached skill level 1 in Shields
  7665 | D:7      | Killed an enormous slime creature
  7666 | D:7      | Reached skill level 9 in Axes
  7681 | D:7      | Slain by a wyvern skeleton

Illustrated notes

Levels and vault maps discovered:
D:1:      lightli_arrival_lavapool, layout_basic, serial_shops,
          nicolae_shop_hallway_plus, dreamdust_ecumenical_altar_statues,
          minmay_heptomino_o4
D:2:      layout_basic
D:3:      minmay_general_purpose_star, layout_basic, nicolae_vehumet_radiance
D:4:      layout_loops_ring, minmay_temple_entry_oklob
D:5:      layout_basic, ebering_ghost_rock_garden, minmay_misc_feat_encased
D:6:      layout_cave_pods
D:7:      layout_basic, solitary_fountain

Skill      XL: |  1  2  3  4  5  6  7  8  9 |
---------------+----------------------------+-----
Axes           | 4 5 6 8 9 |  9.6
Maces & Flails | 1 3 |  3.8
Armour         | 2 5 |  5.6
Fighting       | 6 |  6.2
Shields        | 2 |  2.4
Dodging        | |  1.5

Action                   |  1- 3 |  4- 6 |  7- 9 || total
-------------------------+-------+-------+-------++-------
Melee: Hand axe          |    36 |       |       ||    36
       Tailslap          |     5 |    15 |    22 ||    42
       Flail             |    17 |    42 |       ||    59
       War axe           |       |    78 |   160 ||   238
Invok: Berserk           |     3 |     7 |    10 ||    20
       Trog's Hand       |       |     1 |       ||     1
 Abil: Rolling Charge    |    14 |    12 |     6 ||    32
  Use: Scroll            |       |    10 |     8 ||    18
       Potion            |       |       |     1 ||     1
Armor: Animal skin       |    11 |       |       ||    11
       Robe              |     3 |    44 |    67 ||   114
Dodge: Dodged            |    15 |    54 |    86 ||   155

Table legend: (Time is in decaauts)
 A = Elapsed time spent in this place.
 B = Non-inter-level travel time spent in this place.
 C = Inter-level travel time spent in this place.
 D = Time resting spent in this place.
 E = Time spent auto-exploring this place.
 F = Levels seen in this place.
 G = Mean time per level.
                   A        B        C        D        E       F      G
               +--------+--------+--------+--------+--------+-----+--------+
         Total |   7908 |   7682 |    226 |   2656 |   3463 |   7 | 1129.7 |
       Dungeon |   7908 |   7682 |    226 |   2656 |   3463 |   7 | 1129.7 |
               +--------+--------+--------+--------+--------+-----+--------+

Top non-repeatable levels by time:
     D:6: 1844 daAuts
     D:5: 1805 daAuts
     D:3: 1654 daAuts
     D:4: 904 daAuts
     D:2: 771 daAuts
     D:1: 523 daAuts
     D:7: 404 daAuts
